 Dungeon Crawl Stone Soup version 0.22.1-2-g9c5b331 (webtiles) character file.

53 GreenArt the Firebug (level 3, -11/26 HPs)
             Began as a Draconian Fire Elementalist on Dec 30, 2018.
             Killed by divine providence
             ... invoked by an orc priest
              (13 damage)
             ... on level 2 of the Dungeon.
             The game lasted 00:11:35 (1407 turns).

GreenArt the Firebug (Draconian Fire Elementalist)  Turns: 1407, Time: 00:11:35

Health: -11/26     AC:  5    Str: 10      XL:     3   Next: 64%
Magic:  6/7        EV: 11    Int: 13 (14) God:
Gold:   114        SH:  3    Dex: 10 (11) Spells: 6/7 levels left

rFire    . . .     SeeInvis .   i - +0 spear
rCold    . . .     Gourm    .   k - +0 buckler
rNeg     . . .     Faith    .   (armour unavailable)
rPois    .         Spirit   .   (helmet restricted)
rElec    .         Reflect  .   (no cloak)
rCorr    .         Harm     .   (no gloves)
MR       .....                  (no boots)
Stlth    ++........             (no amulet)
HPRegen  0.08/turn              a - -2 ring of intelligence (curse)
MPRegen  0.10/turn              (no ring)

@: very slightly contaminated
A: unfitting armour, cold-blooded, AC +5
a: no special abilities


You were on level 2 of the Dungeon.
You were not hungry.

You visited 1 branch of the dungeon, and saw 2 of its levels.

You collected 114 gold pieces.

Inventory:

Hand Weapons
 e - a +0 whip
 g - a +0 club
 h - a +0 mace
 i - a +0 spear (weapon)
 m - a +0 dagger
 n - a +0 club
 r - a cursed -3 club
Missiles
 j - 19 poisoned needles
 l - 29 sling bullets
 o - 68 stones (quivered)
Armour
 d - a +0 leather armour
 f - a +0 leather armour
 k - a +0 buckler (worn)
 s - a +0 chain mail
Jewellery
 a - a cursed -2 ring of intelligence (left hand)
Scrolls
 c - 4 scrolls of identify
 q - a scroll of teleportation
Comestibles
 b - a ration
 p - a chunk of flesh


   Skills:
 + Level 2.3 Dodging
 + Level 1.8 Stealth
 + Level 2.7 Spellcasting
 + Level 1.2 Conjurations
 + Level 3.6 Fire Magic


You had 6 spell levels left.
You knew the following spells:

 Your Spells              Type           Power        Failure   Level  Hunger
a - Flame Tongue          Conj/Fire      #....        14%         1    #......

Your spell library contained the following spells:

 Spells                   Type           Power        Failure   Level  Hunger
 Throw Flame              Conj/Fire      #.....       22%         2    ###....
 Conjure Flame            Conj/Fire      #.......     41%         3    ###....
 Inner Flame              Hex/Fire       #.......     50%         3    ###....
 Sticky Flame             Conj/Fire      #.......     82%         4    #####..
 Fireball                 Conj/Fire      #.........   99%         5    ######.


Dungeon Overview and Level Annotations

Branches:
Dungeon (2/15)

Altars:


Innate Abilities, Weirdness & Mutations

Your plain brown scales are hard. (AC +5)
You cannot fit into any form of body armour.
You are cold-blooded and may be slowed by cold attacks.


Message History

The kobold throws a stone.
The stone misses you.
You see here a stone.
Casting: Flame Tongue (safe; 14% risk of failure)
Confirm with . or Enter, or press ? or * to list all spells.
Aiming: Flame Tongue (safe; 14% risk of failure)
Press: ? - help, Shift-Dir - straight line, f - orc
Aim: an orc You miscast Flame Tongue.
You are very lightly contaminated with residual magic.
Nothing appears to happen.
The orc hits you.
* * * LOW HITPOINT WARNING * * *
The orc priest casts a cantrip, but nothing happens.
The kobold throws a stone.
The stone hits you but does no damage.
You see here a stone.
The kobold throws a stone.
You block the stone.
You see here a stone.
The orc priest invokes the aid of Beogh against you.
Beogh smites you!
Ouch! That really hurt!
You die...

.#.##........####..########.#.#..
...................#.............
.#.###..###.######†#.###.........
...#.#..# #.######'#.# #.........
...#....# #..........###.........
...#.#.####..........#...........
.....................#...........
#..#.#.###########'#.#...........
$..#.#.....(o..o@....#...........
...#.#(##.K..........#...........
......(....#######.#.##########..
...#.#.#...# #####.#.# #..
...#.#[#...# #.......### #..
...#.#.#...# #.........## #..
.......#...# ..........# #..
..##.#####.# .......########..
.....# #.# ##.....##........


You could see an orc priest, an orc and a kobold.

Vanquished Creatures
  An adder (D:2)
  An ooze (D:2)
  2 worms (D:2)
  2 dart slugs
  A leopard gecko (D:1)
  An orc (D:2)
  6 goblins
  2 hobgoblins
  5 bats
  A frilled lizard (D:2)
  3 kobolds (D:1)
  4 rats
29 creatures vanquished.

Notes
Turn   | Place    | Note
-------+----------+-------------------------------------------
     0 | D:1      | GreenArt the Draconian Fire Elementalist began the quest
                  | for the Orb.
     0 | D:1      | Reached XP level 1. HP: 14/14 MP: 3/3
   342 | D:1      | Reached XP level 2. HP: 20/20 MP: 1/5
   990 | D:2      | Reached XP level 3. HP: 26/26 MP: 2/6
  1077 | D:2      | HP: 1/26 [worm (3)]
  1407 | D:2      | Killed from afar by an orc priest

Skill      XL: |  1 |
---------------+----+-----
Dodging        | 2 |  2.3
Stealth        | |  1.8
Spellcasting   | |  2.7
Conjurations   | |  1.2
Fire Magic     | |  3.6

Action                   || total
-------------------------++-------
Melee: Unarmed           ||    19
       Tailslap          ||     3
       Spear             ||    21
 Cast: Flame Tongue      ||    62
  Use: Potion            ||     3
       Scroll            ||     4
  Eat: Ration            ||     1
Armor: Skin              ||    49
Dodge: Dodged            ||    90
Block: Buckler           ||     2
